 Seeded DCSS version 0.30.1-6-gbe392663c4 (webtiles) character file.

Game seed: 13629101546802201404 (custom seed)

44493 Psyclone the Thaumaturge (level 14, -2/94 HPs)
             Began as an Octopode Venom Mage on Sept 21, 2023.
             Was an Initiate of Gozag.
             Slain by a two-headed ogre
             ... wielding a +0 giant spiked club
              (14 damage)
             ... on level 1 of the Orcish Mines on Sept 22, 2023.
             The game lasted 01:10:39 (25375 turns).

Psyclone the Thaumaturge (Octopode Venom Mage)     Turns: 25375, Time: 01:10:40

Health: -2/94      AC: 15    Str:  7    XL:     14   Next: 28%
Magic:  7/30       EV: 22    Int: 35    God:    Gozag
Gold:   1816       SH:  5    Dex: 15    Spells: 22/38 levels left

rFire   + . .        a - +8 dagger "Lyussuj" {spect, Will++}
rCold   . . .        (no shield)
rNeg    + . .        (helmet restricted)
rPois   .            S - amulet of reflection
rElec   .            e - ring "Mewu Gea" {rF+ AC+6 Int+3 Dex+2}
rCorr   +            N - +5 ring of evasion
SInv    .            w - +6 ring of intelligence
Will    +++..        m - +4 ring of protection
Stlth   +++          G - +4 ring of protection
HPRegen 0.35/turn    H - ring of positive energy
MPRegen 0.22/turn    I - ring of resist corrosion
                     X - ring of Creativity {Wiz Int+4}

%: reflection, wizardry (x1)
@: no status effects
A: almost no armour, amphibious, 8 rings, camouflage 1, gelatinous body 1,
(nimble swimmer 1), tentacles
a: Renounce Religion, Potion Petition, Call Merchant, Bribe Branch


You were on level 1 of the Orcish Mines.
You worshipped Gozag.
Gozag was most pleased with you.
You visited 3 branches of the dungeon, and saw 17 of its levels.
You also visited: Trove, Sewer and Bailey.

You collected 4948 gold pieces.
You spent 1764 gold pieces at shops.
You paid 1368 gold pieces to Gozag.

Inventory:

Hand Weapons
 a - the +8 dagger "Lyussuj" (weapon) {spect, Will++}
   (You found it in a treasure trove)

   Will:      It greatly increases your willpower.
Magical Staves
 b - a staff of poison
Jewellery
 e - the ring "Mewu Gea" (left tentacle) {rF+ AC+6 Int+3 Dex+2}
   (You bought it in a shop on level 2 of the Dungeon)

   [ring of protection]

   AC:        It affects your AC (+6).
   Int:       It affects your intelligence (+3).
   Dex:       It affects your dexterity (+2).
   rF:        It protects you from fire.
 k - a ring of ice
 m - a +4 ring of protection (on tentacle)
 w - a +6 ring of intelligence (on tentacle)
 A - a ring of protection from cold
 G - a +4 ring of protection (on tentacle)
 H - a ring of positive energy (on tentacle)
 I - a ring of resist corrosion (on tentacle)
 J - a ring of wizardry
 N - a +5 ring of evasion (right tentacle)
 S - an amulet of reflection (around mantle)
 T - a ring of flight
 X - the ring of Creativity (on tentacle) {Wiz Int+4}
   (You bought it in a shop on level 2 of the Dungeon)

   [ring of wizardry]

   It improves your spell success rate.
   Int:       It affects your intelligence (+4).
 Z - a ring of see invisible
Wands
 t - a wand of iceblast (15)
 M - a wand of quicksilver (6)
 Q - a wand of polymorph (4)
 V - a wand of paralysis (4)
Scrolls
 f - 7 scrolls of fog {unknown}
 h - 6 scrolls of teleportation
 i - 7 scrolls of identify {@r1}
 j - 2 scrolls of noise {unknown}
 n - a scroll of fear {unknown}
 q - 5 scrolls of vulnerability {unknown}
 s - 2 scrolls of enchant armour {unknown}
 v - 4 scrolls of blinking
 x - 4 scrolls of enchant weapon
 y - 6 scrolls of poison {unknown}
 z - 2 scrolls of summoning {unknown}
 E - 2 scrolls of torment {unknown}
 F - a scroll of immolation {unknown}
 K - 2 scrolls of magic mapping
 L - a scroll of acquirement
 P - 2 scrolls of amnesia {unknown}
 U - a scroll of brand weapon
Potions
 c - 2 potions of ambrosia
 d - 4 potions of haste {unknown}
 g - 2 potions of invisibility {unknown}
 l - 4 potions of mutation {unknown}
 o - 5 potions of degeneration {unknown}
 p - 6 potions of heal wounds
 r - 3 potions of berserk rage {unknown}
 u - 4 potions of flight {unknown}
 B - a potion of resistance
 C - 4 potions of curing
 D - 2 potions of lignification {unknown}
 O - 2 potions of brilliance
 R - a potion of magic
 W - a potion of might


   Skills:
 - Level 8.0 Fighting
 - Level 8.0 Dodging
 - Level 2.6 Stealth
 + Level 12.8 Spellcasting
 - Level 12.0 Conjurations
 - Level 8.0 Transmutations
 - Level 8.0 Fire Magic
 - Level 8.0 Poison Magic


You had 22 spell levels left.
You knew the following spells:

 Your Spells              Type           Power      Damage    Failure   Level
a - Poisonous Vapours     Pois/Air       100%       N/A       1%          2
b - Irradiate             Conj/Tmut      37%        3d24      1%          5
c - Sticky Flame          Conj/Fire      75%        2d9       1%          4
v - Sting                 Tmut/Pois      100%       1d8       1%          1
x - Olgreb's Toxic Radia  Pois           68%        N/A       1%          4

Your spell library contained the following spells:

 Spells                   Type           Power      Damage    Failure   Level
 Kiss of Death            Conj/Necr      100%       2d13      1%          1
 Necrotise                Necr           88%        1d8       1%          1
 Inner Flame              Hex/Fire       50%        N/A       1%          3
 Mephitic Cloud           Conj/Pois/Air  62%        N/A       1%          3
 Flame Wave               Conj/Fire      75%        2d17      1%          4
 Ice Form                 Ice/Tmut       50%        N/A       1%          4
 Blade Hands              Tmut           34%        N/A       1%          5
 Confusing Touch          Hex            22%        N/A       2%          3
 Frozen Ramparts          Ice            44%        1d7       2%          3
 Vampiric Draining        Necr           22%        2d7       2%          3
 Dispel Undead            Necr           22%        3d12      8%          4
 Summon Ice Beast         Ice/Summ       22%        N/A       8%          4
 Agony                    Necr           22%        N/A       21%         5
 Dragon Form              Tmut           34%        N/A       24%         7


Dungeon Overview and Level Annotations

Branches:
Dungeon (11/15) Zot: 25064  Temple (0/1) D:4            Lair (4/5) D:8 Zot: 17912
 Shoals (0/4) Lair:2        Snake (0/4) Lair:2        Slime (0/5) Lair:4
    Orc (2/2) D:11 Zot: 10052     Elf (0/3) Orc:2         Sewer (visited)
 Bailey (visited)

Altars:
Cheibriados
Elyvilon
Fedhas
Gozag
Kikubaaqudgha
Nemelex Xobeh
Okawaru
Qazlal
Sif Muna
Uskayaw
Vehumet
Wu Jian

Shops:
D:2 =   D:3 *   Orc:2 =![?   Lair:1 :*

Annotations:
D:3 2 transporters
Lair:1 exclusion: downstairs
Lair:3 exclusion: downstairs
Orc:1 1 transporter


Innate Abilities, Weirdness & Mutations

You cannot wear most types of armour.
You are amphibious.
You can wear up to eight rings at the same time.
Your skin changes colour to match your surroundings (Stealth+).
Your rubbery body absorbs attacks. (AC +1, EV +1)
((You are camouflaged when in or above water. (Stealth+)))
You have tentacles for arms and can constrict up to eight enemies at once.


Message History

Items here: $ )))) [[[.
Casting: Olgreb's Toxic Radiance (safe; 1% risk of failure)
Confirm with . or Enter, or press ? or * to list all spells.
You begin to radiate toxic energy.
The orc sorcerer is poisoned. x2
The orc warlord looks as sick as possible!
The orc sorcerer looks even sicker.
You now have 5/30 mp.
The orc warlord attacks as you move away!
The orc warlord hits you with a +3 broad axe of venom.
* * * LOW HITPOINT WARNING * * *
You are poisoned.
You feel sick.
You take 4 damage, and have 15/94 hp.
The orc warlord looks as sick as possible!
Your toxic aura wanes.
You feel sick.
Things that are here:
26 gold pieces; a +0 club; a +0 leather armour You take 1 damage, and have 14/94 hp.
You feel sick.
There is a transporter landing site here.
You feel sick.
The orc sorcerer looks more healthy.
You take 1 damage, and have 13/94 hp.
You feel sick.
The orc sorcerer gestures wildly while chanting.
You feel sick.
You take 1 damage, and have 12/94 hp.
The orc warlord attacks as you move away!
The orc warlord closely misses you.
You feel sick.
You are no longer poisoned.
You see here a +0 hat.
You take 1 damage, and have 11/94 hp.
The orc sorcerer gestures wildly while chanting.
Things that are here:
12 gold pieces; a +0 giant club; a +0 giant spiked club The orc warlord attacks as you move away!
The orc warlord closely misses you.
The two-headed ogre hits you with a +0 giant spiked club!
You die...
Your body crumbles into a pile of gold.

..................##...#.......#.
##...#.......>....##..###..##....
###.......###########.#..........
.#.#..>..##......$..##......>....
#........#...#####...#...........
.........#....#.#3.o$#...........
.........#.#).....3#.#....#.#.#..
#........#.##$8.8O##o#.#)).......
........©#©#:.._@..#o#©..).[.....
#.#......#.##.8$8o##.#....#[.....
####.#...#.#......[#4#...[#)#....
#####.#....#.#$...###.).......
#..#...#####...# ##.#[.)..#
##.##.........## ##.......
##...########### ###.[.#....
##....#..# ##.#).......
##...##...# #......#....


You could see an orc warlord (very poisoned), a soul eater (summoned), a
two-headed ogre, a neqoxec (summoned) and 3 orc sorcerers.

Vanquished Creatures
  An orc warlord (Orc:1)
  3 hydras (Lair:4)
  3 two-headed ogres
  A centaur warrior (Orc:2)
  A boulder beetle (D:9)
  Urug (Lair:2)
  Sonja (Lair:4)
  Nergalle (D:11)
  Amaemon (D:11)
  6 orc knights
  An orc sorcerer (Orc:1)
  2 cyclopes
  6 elephants (Lair:4)
  2 manticores
  Maurice (D:9)
  A black mamba (Lair:3)
  A gargoyle (D:11)
  11 cane toads
  An orange demon (D:11)
  2 rime drakes
  9 komodo dragons
  A kobold demonologist (D:10)
  A wind drake (Lair:2)
  6 blink frogs
  Grinder (D:6)
  Sigmund (D:6)
  A wraith (D:10)
  A vampire (D:11)
  2 shadows
  5 wyverns
  34 yaks
  2 basilisks
  Eustachio (D:4)
  3 steam dragons
  2 wargs (Orc:1)
  3 nagas (Lair:2)
  Edmund (D:6)
  2 acid dragons
  15 water moccasins
  45 orc warriors
  2 ice beasts
  A black bear (D:5)
  2 sky beasts
  6 ogres
  8 wolves (Lair:3)
  18 centaurs
  2 phantoms
  5 kobold brigands
  9 bullfrogs
  9 wights
  20 killer bees
  5 howler monkeys
  A vampire bat (D:9)
  2 electric eels (D:8)
  2 hounds (D:5)
  2 jellies
  18 orc priests
  2 gnoll boudas (D:9)
  A sleepcap (D:7)
  An iguana (D:6)
  Ijyb (D:3)
  Natasha (D:3)
  26 orc wizards
  Terence (D:3)
  2 hell rats (Lair:4)
  10 gnolls
  6 adders
  11 river rats
  2 ufetubi (D:5)
  2 worms (D:3)
  5 dart slugs
  75 orcs
  7 endoplasms
  4 giant cockroaches
  10 goblins
  9 hobgoblins
  9 jackals
  3 quokkas
  7 ball pythons
  17 bats
  8 frilled lizards
  13 kobolds
  10 rats
  A butterfly (Lair:2)
539 creatures vanquished.

Notes
Turn   | Place    | Note
-------+----------+-------------------------------------------
     0 | D:1      | Psyclone the Octopode Venom Mage began the quest for the
                  | Orb.
     0 | D:1      | Reached XP level 1. HP: 11/11 MP: 3/3
   194 | D:1      | Reached XP level 2. HP: 17/17 MP: 0/5
   201 | D:1      | Learned a level 2 spell: Poisonous Vapours
   661 | D:1      | Reached XP level 3. HP: 21/21 MP: 6/6
   665 | D:1      | Reached skill level 5 in Poison Magic
  1258 | D:2      | Found Warhoume's One-of-a-Kind Rings.
  1675 | D:2      | Reached XP level 4. HP: 22/27 MP: 7/7
  2190 | D:3      | Noticed Terence
  2210 | D:3      | Killed Terence
  2558 | D:3      | Reached XP level 5. HP: 31/31 MP: 0/8
  2667 | D:3      | Found a blossoming altar of Fedhas.
  2668 | D:3      | Found an ancient bone altar of Kikubaaqudgha.
  2722 | D:3      | Found a transporter.
  2724 | D:3      | Found Zurixzuc's Assorted Antiques.
  2889 | D:3      | Found a transporter.
  3336 | D:3      | Noticed Ijyb
  3358 | D:3      | Killed Ijyb
  3479 | D:3      | Noticed Natasha
  3488 | D:3      | Killed Natasha
  3985 | D:4      | Found a glowing drain.
  3992 | Sewer    | Entered a sewer
  4013 | Sewer    | Reached XP level 6. HP: 30/36 MP: 3/9
  4149 | Sewer    | Learned a level 4 spell: Olgreb's Toxic Radiance
  5004 | Sewer    | Reached XP level 7. HP: 41/41 MP: 7/12
  5193 | D:4      | Found a sparkling altar of Nemelex Xobeh.
  5277 | D:4      | Found a staircase to the Ecumenical Temple.
  5767 | D:4      | Noticed Eustachio
  5782 | D:4      | Killed Eustachio
  5783 | D:4      | Reached skill level 1 in Fighting
  6156 | D:5      | Entered Level 5 of the Dungeon
  6326 | D:5      | Reached XP level 8. HP: 51/51 MP: 6/15
  6469 | D:5      | Reached skill level 5 in Spellcasting
  6759 | D:5      | HP: 2/52 [ice beast (13)]
  7711 | D:6      | Noticed Edmund
  7727 | D:6      | Killed Edmund
  8014 | D:7      | Reached skill level 5 in Dodging
  8025 | D:7      | Reached XP level 9. HP: 40/59 MP: 1/18
  8047 | D:7      | Reached skill level 5 in Fighting
  8315 | D:8      | Found a staircase to the Lair.
  8362 | D:8      | Found a snail-covered altar of Cheibriados.
  8364 | D:8      | Found an opulent altar of Gozag.
  8370 | D:8      | Noticed a cyclops
  8374 | D:8      | Became a worshipper of Gozag Ym Sagoz the Greedy
  8452 | D:8      | Found a flagged portal.
  8464 | Bailey   | Entered a bailey
  9057 | Bailey   | Noticed an orc knight
  9057 | Bailey   | Noticed an orc knight
  9057 | Bailey   | Noticed an orc knight
  9082 | Bailey   | Killed an orc knight
  9083 | Bailey   | Reached XP level 10. HP: 72/72 MP: 6/19
  9199 | Bailey   | Killed an orc knight
  9304 | Bailey   | Identified the +6 bardiche of Disarray {drain, rElec rF++
                  | Int+3}
  9337 | Bailey   | Killed an orc knight
  9396 | Bailey   | Identified the +11 arbalest of the Scuffed God {freeze,
                  | Fragile Will+++ rCorr Dex-5}
  9583 | D:6      | Noticed Grinder
  9589 | D:6      | Paralysed by Grinder for 5 turns
  9763 | D:6      | Paralysed by Grinder for 4 turns
  9779 | D:6      | Killed Grinder
  9873 | D:6      | Noticed Sigmund
  9888 | D:6      | Killed Sigmund
 10489 | D:7      | Found a white marble altar of Elyvilon.
 10538 | D:7      | Identified the ring of Spring {*Slow rF++ rN+ Int+6 Dex+3}
 11001 | D:7      | You fall into a shaft and drop 3 floors!
 11001 | D:10     | Entered Level 10 of the Dungeon
 11325 | D:10     | Found a portal to a secret trove of treasure.
 11330 | D:10     | Identified 3 scrolls of acquirement
 11330 | D:10     | Acquired a book of Transfigurations
 11340 | D:10     | Learned a level 5 spell: Irradiate
 11341 | D:10     | You paid a toll of 2 scrolls of acquirement to enter a
                  | treasure trove
 11342 | Trove    | Entered a treasure trove
 11390 | Trove    | Identified the +8 dagger "Lyussuj" {spect, Will++}
 11399 | Trove    | Identified the +7 great mace "Yngycho" {chaos, rCorr Int+3
                  | Dex+3}
 11552 | D:10     | Reached skill level 1 in Conjurations
 11609 | D:10     | Found an ornate altar of the Wu Jian Council.
 11695 | D:8      | Found a shimmering blue altar of Sif Muna.
 11825 | D:8      | Killed a cyclops
 12031 | D:8      | Reached skill level 5 in Transmutations
 12078 | D:8      | Reached XP level 11. HP: 65/77 MP: 19/23
 12875 | D:7      | Found a hide-covered altar of Uskayaw.
 12876 | D:7      | Found a stormy altar of Qazlal.
 12878 | D:7      | Found a radiant altar of Vehumet.
 13073 | D:9      | Identified the +6 whip of Terra Nullius {speed, *Corrode
                  | Fly rN+ Dex+2}
 13078 | D:9      | HP: 3/77 [centaur/the +6 whip of Terra Nullius {speed,
                  | *Corrode Fly rN+ Dex+2} (4)]
 13775 | D:9      | Noticed a boulder beetle
 13786 | D:9      | Killed a boulder beetle
 13787 | D:9      | Reached skill level 5 in Conjurations
 14086 | D:9      | Noticed Maurice
 14092 | D:9      | Killed Maurice
 14633 | D:2      | Bought the ring "Mewu Gea" {rF+ AC+6 Int+3 Dex+2} for 1220
                  | gold pieces
 15605 | D:11     | Noticed a cyclops
 15619 | D:11     | Killed a cyclops
 15692 | D:11     | Noticed a two-headed ogre
 15700 | D:11     | Killed a two-headed ogre
 15776 | D:11     | Found a staircase to the Orcish Mines.
 15805 | D:11     | Noticed a two-headed ogre
 15815 | D:11     | Killed a two-headed ogre
 15987 | D:11     | Noticed a manticore
 15997 | D:11     | Killed a manticore
 16141 | D:11     | Noticed Nergalle
 16151 | D:11     | Killed Nergalle
 16152 | D:11     | Reached XP level 12. HP: 74/82 MP: 15/24
 16495 | D:11     | Noticed Amaemon
 16523 | D:11     | Killed Amaemon
 16852 | Lair:1   | Entered Level 1 of the Lair of Beasts
 17214 | Lair:1   | Reached skill level 10 in Spellcasting
 17486 | Lair:1   | You fall into a shaft and drop 1 floor!
 17486 | Lair:2   | Found a staircase to the Shoals.
 18432 | D:2      | Bought the ring of Creativity {Wiz Int+4} for 544 gold
                  | pieces
 18803 | Lair:2   | Noticed Urug
 18825 | Lair:2   | Killed Urug
 19400 | Lair:2   | Found a staircase to the Snake Pit.
 20189 | Lair:3   | Reached XP level 13. HP: 64/88 MP: 22/29
 20390 | Lair:3   | Learned a level 4 spell: Sticky Flame
 20409 | Lair:3   | Reached skill level 1 in Fire Magic
 20515 | Lair:3   | Reached skill level 10 in Conjurations
 21312 | Lair:4   | Found a staircase to the Slime Pits.
 21952 | Lair:4   | Noticed Sonja
 22219 | Lair:4   | Reached skill level 5 in Fire Magic
 22824 | Lair:4   | Killed Sonja
 23429 | Orc:1    | Entered Level 1 of the Orcish Mines
 23482 | Orc:1    | Noticed an orc warlord
 23914 | Orc:2    | Entered Level 2 of the Orcish Mines
 23964 | Orc:2    | Reached XP level 14. HP: 63/94 MP: 6/30
 24415 | Orc:2    | Found an iron altar of Okawaru.
 24670 | Orc:2    | Found Dinar's Antique Armour Emporium.
 24670 | Orc:2    | Found Bogabu's Distillery.
 24682 | Orc:2    | Found Daucoe's Jewellery Shop.
 24684 | Orc:2    | Found Anluol's Magic Scroll Shoppe.
 24876 | Orc:2    | Found a staircase to the Elven Halls.
 25010 | Orc:1    | Found a transporter.
 25010 | Orc:1    | Found a transporter.
 25294 | Orc:1    | Noticed an orc warlord
 25339 | Orc:1    | Killed an orc warlord
 25375 | Orc:1    | Slain by a two-headed ogre

Illustrated notes

Levels and vault maps discovered:
D:1:      giann_horns, layout_loops_ring, minmay_lizard_pond
D:2:      layout_loops_corners, serial_rivers, chequers_serial_rivers_micro_e,
          chequers_serial_rivers_large_a, chequers_serial_rivers_small_3,
          chequers_serial_rivers_micro_d, nicolae_shop_unique_rings,
          guppyfry_early_orc_mine
D:3:      layout_basic, grunt_temple_overflow_growth_and_decay, serial_shops,
          nicolae_shop_drivethru, serial_bayou_pond_e, chequers_jeans,
          uniq_natasha, uniq_ijyb, uniq_terence
D:4:      layout_loops_corners, nemelex_diamond_rough_becter, temple_doors_ab,
          portal_sewer_entry_e, minmay_misc_feat_iff, uniq_eustachio
D:5:      layout_basic
D:6:      layout_gridville, kennysheep_big_empty_room, kennysheep_flooded_box,
          grunt_ministairs_3, uniq_sigmund, uniq_grinder, uniq_edmund
D:7:      layout_basic, lemuel_tele_altar, minitemple
D:8:      wad_lake_hut, layout_loops_ring, mainiacjoe_overflow_catwalk_spiral,
          lemuel_doored_altar, lair_entry_dummy, enter_bailey_2,
          minmay_misc_feat_diagonals, grunt_ministairs_5,
          kennysheep_generic_room_12
D:9:      layout_loops_ring, roderic_batcave, uniq_maurice
D:10:     layout_loops_corners, pdpol_wu_jian_five_deadly_venoms,
          trove_entry_hex_spiral
D:11:     layout_stronghold, orc_0_dummy, uniq_amaemon, uniq_nergalle
Lair:1:   layout_cave_pods, infiniplex_staircase_pool_2
Lair:2:   layout_layer_cave, minmay_shoals_entry_beasts,
          minmay_snake_entry_guardpost_small, lemuel_fruit_fields,
          grunt_megastairs_3, lemuel_fruit_tree, serial_bayou_shore_b, uniq_urug
Lair:3:   layout_regular_city, grunt_megastairs_1
Lair:4:   layout_misc_corridors, slime_entry_1, kennysheep_rathole, uniq_sonja
Orc:1:    gammafunk_beogh_shrine, layout_caves, nicolae_orc_stony_grotto,
          mines4_lemuel
Orc:2:    st_orc_rangers, layout_caves, david_defended_altar_orc

Skill      XL: |  1  2  3  4  5  6  7  8  9 10 11 12 13 14 |
---------------+-------------------------------------------+-----
Poison Magic   | 4 5 6 7 8 |  8.0
Spellcasting   | 3 4 6 8 12 | 12.8
Fighting       | 2 4 8 |  8.0
Dodging        | 3 5 8 |  8.0
Transmutations | 5 8 |  8.0
Conjurations   | 3 8 11 12 | 12.0
Fire Magic     | 8 |  8.0
Stealth        | |  2.6

Action                     |  1- 3 |  4- 6 |  7- 9 | 10-12 | 13-15 || total
---------------------------+-------+-------+-------+-------+-------++-------
  Melee: Dagger            |    65 |    86 |   122 |   374 |   265 ||   912
         Mace              |     4 |       |       |       |       ||     4
         Tentacles         |    16 |    23 |    36 |   116 |    96 ||   287
         Constrict         |    14 |    30 |    22 |    53 |    49 ||   168
         Punch             |     1 |       |     2 |     2 |     1 ||     6
         Staff             |       |       |       |     5 |       ||     5
   Cast: Sting             |    11 |       |     9 |    15 |       ||    35
         Poisonous Vapours |    12 |    79 |    66 |    78 |    40 ||   275
         Olgreb's Toxic Ra |       |       |    22 |    34 |    53 ||   109
         Irradiate         |       |       |       |     8 |     1 ||     9
         Sticky Flame      |       |       |       |       |     8 ||     8
 Invoke: Call Merchant     |       |       |       |       |     2 ||     2
    Use: Scroll            |       |       |     2 |     6 |     3 ||    11
         Potion            |       |       |     1 |     3 |     1 ||     5
   Stab: Sleeping          |    10 |     4 |     7 |    12 |     3 ||    36
         Distracted        |       |       |     1 |     5 |     8 ||    14
 Armour: Skin              |     6 |    22 |    29 |    78 |   100 ||   235
  Dodge: Dodged            |    42 |    52 |   118 |   313 |   399 ||   924
  Block: Other             |       |       |       |    18 |   108 ||   126
         Reflection        |       |       |       |       |    13 ||    13
